 Dungeon Crawl Stone Soup version 0.28.0-47-ge53b351184 (webtiles) character file.

Game seed: 18324264748180445559

38 101zpm the Magician (level 3, -1/25 HPs)
             Began as a Djinni Ice Elementalist on Apr 26, 2022.
             Slain by a hound (4 damage)
             ... on level 5 of the Dungeon.
             The game lasted 00:03:40 (1203 turns).

101zpm the Magician (Djinni Ice Elementalist)       Turns: 1203, Time: 00:03:41

Health: -1/25      AC:  2    Str:  7    XL:     3   Next: 65%
Gold:   42         EV: 12    Int: 18    God:
                   SH:  0    Dex: 13

rFire   + + .      SeeInvis .   (no weapon)
rCold   x . .      Faith    .   (no shield)
rNeg    . . .      Spirit   .   a - +0 robe
rPois   ∞          Reflect  .   (no helmet)
rElec   .          Harm     .   (no cloak)
rCorr   .          Rampage  .   (no gloves)
Will    .....                   (boots unavailable)
Stlth   ++........              (no amulet)
HPRegen 0.08/turn               (no ring)
MPRegen 0.00/turn               (no ring)

@: flying
A: sickness immunity, fire resistance 2, cold vulnerability 1, float, innate
caster, HP casting, extra vitality 1
a: no special abilities


You were on level 5 of the Dungeon.
You visited 1 branch of the dungeon, and saw 5 of its levels.

You collected 42 gold pieces.

Inventory:

Armour
 a - a +0 robe (worn)
Jewellery
 b - a ring of ice
Scrolls
 d - 2 scrolls of enchant armour {unknown}
Potions
 c - a potion of heal wounds {unknown}
 e - a potion of attraction {unknown}


   Skills:
 + Level 2.4 Dodging
 + Level 1.6 Stealth
 + Level 4.0 Spellcasting


You couldn't memorise any spells.
You knew the following spells:

 Your Spells              Type           Power      Damage    Failure   Level
a - Freeze                Ice            72%        1d9       2%          1
b - Frozen Ramparts       Ice            36%        1d5       9%          3
c - Ozocubu's Armour      Ice            18%        N/A       9%          3
d - Hailstorm             Conj/Ice       18%        3d6       28%         4
e - Summon Small Mammal   Summ           72%        N/A       2%          1
Your spell library was empty.

Dungeon Overview and Level Annotations

Branches:
Dungeon (5/15)
 Temple: D:4-7

Altars:


Innate Abilities, Weirdness & Mutations

You are immune to sickness and miasma.
You are immune to poison.
Your flesh is very heat resistant. (rF++)
You are vulnerable to cold. (rC-)
You float through the air rather than walking.
You learn spells naturally, not from books.
Your magical power is your life essence.
You have superior vitality. (+4 MHP)


Message History

Found 16 arrows.
There is a stone staircase leading down here.
Casting: Summon Small Mammal (safe; 2% risk of failure)
Confirm with . or Enter, or press ? or * to list all spells.
The hound bites your bat but does no damage.
Casting: Summon Small Mammal (safe; 2% risk of failure)
Confirm with . or Enter, or press ? or * to list all spells.
Your bat hits the hound but does no damage.
Casting: Summon Small Mammal (safe; 2% risk of failure)
Confirm with . or Enter, or press ? or * to list all spells.
The spell is quite dangerous to miscast (9% risk of failure)!
Continue anyway?
Casting: Frozen Ramparts (quite dangerous; 9% risk of failure)
Press: ? - help, Dir - look around, f - activate A stone staircase leading down.
The walls around you are covered in ice.
Your bat closely misses the hound.
The wall freezes the hound.
The hound bites you.
Your quokka misses the hound.
Your frozen ramparts will break if you move.
Continue?
Uppercase [Y]es or [N]o only, please.
Your frozen ramparts will break if you move.
Continue?
The wall freezes the hound.
The hound bites you.
Your bat hits the hound.
Your quokka barely misses the hound.
The wall freezes the hound.
The hound bites you.
The frozen ramparts melt away.
You fly downwards.
Your summoned allies are left behind.
There is a stone staircase leading up here.
Casting: Frozen Ramparts (quite dangerous; 9% risk of failure)
Confirm with . or Enter, or press ? or * to list all spells.
The spell is quite dangerous to miscast (9% risk of failure)!
Continue anyway?
Okay, then.
Casting: Frozen Ramparts (quite dangerous; 9% risk of failure)
Confirm with . or Enter, or press ? or * to list all spells.
The hound bites you.
Casting: Summon Small Mammal (safe; 2% risk of failure)
Confirm with . or Enter, or press ? or * to list all spells.
* * * LOW HITPOINT WARNING * * *
Your bat misses the hound. The hound bites you.
* * * LOW HITPOINT WARNING * * *
The hound bites you.
You die...

.....# #..#
#.##.####...
#.##.##....######
.....)..##.##/#.###
#.#..#..##.#......#
#.#...............#
.....#..##...>#...#
..#.##..##.....hb.####
.............>..@....#
....######...###..##.#
..### #.... .r.# #.#
#.......## #.#
#.####### #.# ... ...
#...


You could see a hound (ally target), a friendly quokka (summoned) and a friendly
bat (summoned).

Vanquished Creatures
  An adder (D:2)
  An ufetubus (D:4)
  3 endoplasms
  2 giant cockroaches
  A goblin (D:1)
  4 ball pythons
  7 frilled lizards
  3 rats
22 creatures vanquished.

Vanquished Creatures (collateral kills)
  A dart slug (D:5)
  A ball python (D:4)
2 creatures vanquished.

Grand Total: 24 creatures vanquished

Notes
Turn   | Place    | Note
-------+----------+-------------------------------------------
     0 | D:1      | 101zpm the Djinni Ice Elementalist began the quest for the
                  | Orb.
     0 | D:1      | Reached XP level 1. HP: 15/15 MP: 0/0
   243 | D:1      | Reached XP level 2. HP: 17/21 MP: 0/0
   497 | D:2      | Reached XP level 3. HP: 22/25 MP: 0/0
   497 | D:2      | Learned a level 1 spell: Summon Small Mammal
   956 | D:4      | Reached skill level 4 in Spellcasting
  1067 | D:4      | Noticed a bullfrog
  1145 | D:5      | Entered Level 5 of the Dungeon
  1196 | D:4      | Noticed a necrophage
  1203 | D:5      | Slain by a hound

Illustrated notes

Levels and vault maps discovered:
D:1:      lemuel_arrival_tunnels, layout_rooms,
          chequers_ecumenical_altar_simple_redux, minmay_lizard_pond
D:2:      layout_loops_cross, basic_altar, uniq_robin, uniq_terence,
          uniq_jessica
D:3:      layout_basic, minmay_misc_feat_iff
D:4:      layout_gridville, gammafunk_temple_overflow_pools
D:5:      minmay_evil_eye, layout_loops_cross

Skill      XL: |  1  2  3 |
---------------+----------+-----
Spellcasting   | 4 |  4.0
Dodging        | |  2.4
Stealth        | |  1.6

Action                   || total
-------------------------++-------
 Cast: Freeze            ||    32
       Summon Small Mamm ||     8
       Frozen Ramparts   ||     2
Armor: Robe              ||     4
Dodge: Dodged            ||    16
